cohdb
Replays
Latest Replays
All Replays
Popular Replays
Top Player Replays
Match Explorer
How It Works
Community
CoH3 Stats
Reddit
Sign in to upload your games and track your stats! →
Sign in with Steam
Match 41041106
Unlisted
Match 41041106
Overview
Messages
Build Orders
End
Construct Infanterie Kompanie
Kettenkrad Recon Vehicle
Selects Mechanized Battlegroup
Grenadier Squad
MG 42 Machine Gun Team
Grenadier Squad
Sniper
Infanterie Officer Quarters
Construct Panzergrenadier Kompanie
Pak 40 Anti-tank Gun Team
251 Medium Carrier
Selects Raid Package
Panzergrenadier Officer Quarters
Selects StuG Assault Group
Selects Mobile Repair Stations
StuG Assault Group
KevinTDW
Clairvoyance
crazymcdazy
KillaKhalilKing
0
0
Comments
sign in to comment!
No comments posted yet!